 Dungeon Crawl Stone Soup version 0.27-a0-1301-g128193abf8 (webtiles) character file.

Game seed: 4940502692284009848

16186 BlueGoblin the Thaumaturge (level 12, -8/76 HPs)
             Began as a Djinni Conjurer on June 17, 2021.
             Was an Initiate of Gozag.
             Hit by a large rock thrown by a cyclops (45 damage)
             ... on level 12 of the Dungeon.
             The game lasted 01:13:20 (14383 turns).

BlueGoblin the Thaumaturge (Djinni Conjurer)       Turns: 14383, Time: 01:13:32

Health: -8/76      AC:  9    Str: 17    XL:     12   Next: 67%
Gold:   887        EV: 17    Int: 34    God:    Gozag SH:  4 Dex: 15

rFire    + + .     SeeInvis .   h - +8 rapier of Atuihuwa {pain, Int+5}
rCold    x . .     Faith    .   (no shield)
rNeg     . . .     Spirit   .   f - +1 leather armour of Fashionability {Regen+ Str+5 Dex+3 Slay-2}
rPois    ∞         Reflect  .   p - +0 helmet
rElec    +         Harm     .   y - +2 cloak
rCorr    +         Rampage  .   (no gloves)
Will     +....                  (boots unavailable)
Stlth    +++.......             (no amulet)
HPRegen  1.22/turn              i - ring of Taxuogu {Contam rElec rCorr Str+4 Int+4}
MPRegen  0.00/turn              k - +4 ring of evasion

@: brilliant, radiating poison, flying, hasted, very quick
A: sickness immunity, fire resistance 2, cold vulnerability 1, float, innate
caster, hp casting, extra vitality 1, large bone plates 1, strong 1, evolution 1
a: Renounce Religion, Potion Petition, Call Merchant, Bribe Branch


You were on level 12 of the Dungeon.
You worshipped Gozag.
Gozag was pleased with you.
You visited 2 branches of the dungeon, and saw 14 of its levels.
You also visited: Gauntlet.

You collected 2325 gold pieces.
You spent 246 gold pieces at shops.
You paid 1192 gold pieces to Gozag.

Inventory:

Hand Weapons
 h - the +8 rapier of Atuihuwa (weapon) {pain, Int+5}
   (You found it on level 11 of the Dungeon)

   In the hands of one skilled in necromantic magic, it inflicts extra damage on
   living creatures.
   It affects your intelligence (+5).
 j - the +10 dagger "Opebuwk" {pain, Dex+9}
   (You took it off an orc on level 5 of the Dungeon)

   In the hands of one skilled in necromantic magic, it inflicts extra damage on
   living creatures.
   It affects your dexterity (+9).
 m - the +7 mace of Xioli {flame, rN+ Dex+3}
   (You found it on level 6 of the Dungeon)

   It has been specially enchanted to burn those struck by it, causing extra
   injury to most foes and up to half again as much damage against particularly
   susceptible opponents.
   It affects your dexterity (+3).
   It protects you from negative energy.
 n - a +6 scimitar of freezing
Missiles
 e - 3 atropa-tipped darts
 z - 3 throwing nets
Armour
 a - a +1 robe
 f - the +1 leather armour of Fashionability (worn) {Regen+ Str+5 Dex+3 Slay-2}
   (You bought it in a shop on level 2 of the Dungeon)

   It affects your strength (+5).
   It affects your dexterity (+3).
   It affects your accuracy and damage with ranged weapons and melee attacks
   (-2).
   It increases your rate of health regeneration.
 p - a +0 helmet (worn)
 u - a +2 robe of the Archmagi
 y - a +2 cloak (worn)
Jewellery
 i - the ring of Taxuogu (left hand) {Contam rElec rCorr Str+4 Int+4}
   (You acquired it on level 3 of the Dungeon)

   [ring of resist corrosion]

   It affects your strength (+4).
   It affects your intelligence (+4).
   It insulates you from electricity.
   It causes magical contamination when unequipped.
   It protects you from acid and corrosion.
 k - a +4 ring of evasion (right hand)
 A - a ring of positive energy
 B - a +6 ring of strength
Wands
 o - a wand of mindburst (13) (quivered)
 r - a wand of polymorph (6)
 s - a wand of charming (6)
 v - a wand of iceblast (5)
 w - a wand of flame (24)
 C - a wand of digging (2)
Scrolls
 l - a scroll of magic mapping
 x - a scroll of identify
 E - a scroll of blinking
Potions
 b - 2 potions of resistance
 c - 2 potions of lignification
 d - 3 potions of ambrosia
 g - 6 potions of curing
 q - 3 potions of mutation
 t - 2 potions of attraction
 D - a potion of berserk rage
 G - a potion of cancellation


   Skills:
 + Level 3.2 Fighting
 + Level 6.0 Long Blades
 + Level 5.3 Armour
 + Level 4.9 Dodging
 + Level 4.8 Stealth
 + Level 2.4 Shields
 + Level 12.5 Spellcasting
 + Level 0.1 Evocations


You had 9 spell levels left.
You knew the following spells:

 Your Spells              Type           Power      Damage    Failure   Level
a - Magic Dart            Conj           100%       1d8       0%          1
b - Searing Ray           Conj           100%       3d7       1%          2
c - Stone Arrow           Conj/Erth      100%       3d13      1%          3
d - Fulminant Prism       Conj/Hex       51%        3d23      1%          4
e - Iskenderun's Mystic   Conj/Tloc      100%       2d19      1%          4
f - Apportation           Tloc           100%       N/A       0%          1
g - Slow                  Hex            100%       N/A       1%          2
h - Dazzling Flash        Conj/Hex       100%       N/A       1%          3
i - Swiftness             Air            100%       N/A       1%          3
j - Olgreb's Toxic Radia  Pois           100%       N/A       1%          4
Your spell library was empty.

Dungeon Overview and Level Annotations

Branches:
Dungeon (13/15)            Temple (1/1) D:6            Lair (0/6) D:8
    Orc (0/2) D:10        Gauntlet (visited)
 Vaults: D:13-14

Altars:
Ashenzari
Cheibriados
Dithmenos
Elyvilon
Fedhas
Gozag
Hepliaklqana
Kikubaaqudgha
Makhleb
Nemelex Xobeh
Okawaru
Qazlal
Ru
Sif Muna
Trog
Uskayaw
Vehumet
Wu Jian
Xom
Yredelemnul
Zin
The Shining One
Beogh

Shops:
D:2 [   Temple *

Annotations:
D:10 3 runed translucent doors, Johnny's ghost, journeyman DEEE


Innate Abilities, Weirdness & Mutations

You are immune to sickness and miasma.
You are immune to poison.
Your flesh is very heat resistant. (rF++)
You are vulnerable to cold. (rC-)
You float through the air rather than walking.
You learn spells naturally, not from books.
Your magical power is your life essence.
You have superior vitality. (+4 HP)
You are partially covered in large bone plates. (SH +4)
Your muscles are strong. (Str +2)
You evolve.


Message History

You erupt in a blast of force!
The mystic blast hits the cyclops.
The cyclops is moderately wounded.
The cyclops is knocked back by the mystic blast.
The mystic blast hits the vampire.
The vampire is lightly damaged.
The vampire is knocked back by the mystic blast.
The vampire slams into the rock wall!
Your toxic aura wanes.
A centaur warrior comes into view.
Casting: Iskenderun's Mystic Blast (safe; 1% risk of failure)
Confirm with . or Enter, or press ? or * to list all spells.
You begin to radiate toxic energy.
The centaur warrior shouts!
The centaur warrior is poisoned.
The centaur warrior looks even sicker.
The centaur warrior wields a +0 shortbow.
The centaur warrior shoots an arrow.
The arrow hits you!
Casting: Olgreb's Toxic Radiance (safe; 1% risk of failure)
Confirm with . or Enter, or press ? or * to list all spells.
You erupt in a blast of force!
The mystic blast hits the cyclops.
The cyclops is heavily wounded.
The mystic blast hits the vampire!
The vampire is moderately damaged.
The vampire is knocked back by the mystic blast.
The vampire slams into the rock wall!
The cyclops looks even sicker.
The centaur warrior shoots an arrow.
The arrow hits you!!
The centaur warrior shoots an arrow.
The arrow hits you!
* * * LOW HITPOINT WARNING * * *
Okay, then. [a] - 399 gold - haste, heal wounds and brilliance [b] - 273 gold - heal wounds, curing and berserk rage [c] - 391 gold - lignification, might and resistance Purchase which effect?
You no longer have enough gold to fund merchants seeking to open stores in the dungeon.
You feel yourself speed up.
You feel much better.
You feel clever all of a sudden.
The brown ugly thing is poisoned.
The cyclops throws a large rock.
The large rock hits you!!!
Ouch! That really hurt!
You die...
Your body crumbles into a pile of gold.

...# ..#♣♣.............###.......
...##..########u#########........
....#......[............[........
......###..#...((.......#).......
......###.......)(.....#..#####.#
..............$....#.......# ##
.#...###..##....C..#.......#
##...# ##.###.(.$V.##..#.....
#....# .###...@.#######.....
##.######..#...#### ##(...
##...#.#..###... ....
......).....#.<.
..####.........##
#....#...#...... #.<......#......
#........^..... ....##..#.....


You could see a brown ugly thing (poisoned), a cyclops (very poisoned) and a
vampire.

Vanquished Creatures
  2 boulder beetles (D:10)
  A centaur warrior (D:12)
  2 hydras
  3 two-headed ogres
  2 manticores
  3 gargoyles
  Psyche (D:8)
  2 hornets
  4 trolls
  A slime creature (D:12)
  A water elemental (D:12)
  A wyvern (D:8)
  A shadow (D:10)
  A vampire (D:10)
  7 yaks
  A steam dragon (D:7)
  2 vampire mosquitoes (D:11)
  3 wargs (D:8)
  2 acid dragons
  A water moccasin (D:5)
  3 sky beasts
  A hornet zombie (D:8)
  2 ice beasts
  2 ogres
  7 orc warriors
  9 centaurs
  A kobold brigand (D:10)
  2 bullfrogs
  A gnoll sergeant (D:9)
  3 scorpions
  A water moccasin skeleton (D:4)
  6 killer bees
  11 wights
  6 howler monkeys
  An electric eel (D:12)
  2 centaur zombies
  A hound (D:5)
  A gnoll shaman (D:5)
  13 orc priests
  A bullfrog skeleton (D:5)
  2 centaur skeletons
  3 iguanas
  7 orc wizards
  2 hound skeletons
  A howler monkey zombie (D:5)
  13 gnolls
  7 adders
  A shadow imp (D:8)
  2 white imps
  An ufetubus (D:4)
  A worm (D:2)
  A dart slug (D:1)
  30 orcs
  4 ball pythons
  10 bats
  4 endoplasms
  3 giant cockroaches
  8 goblins
  6 hobgoblins
  4 jackals (D:4)
  7 kobolds
  5 quokkas
  2 frilled lizards
  4 rats (D:2)
243 creatures vanquished.

Vanquished Creatures (others)
  14 demonic plants (Gauntlet)
  28 fulminant prisms
  5 fungi (Gauntlet)
  29 plants
76 creatures vanquished.

Grand Total: 319 creatures vanquished

Notes
Turn   | Place    | Note
-------+----------+-------------------------------------------
     0 | D:1      | BlueGoblin the Djinni Conjurer began the quest for the Orb.
     0 | D:1      | Reached XP level 1. HP: 15/15 MP: 0/0
   258 | D:1      | Reached XP level 2. HP: 8/21 MP: 0/0
   769 | D:1      | Found a faded altar of an unknown god.
  1240 | D:2      | Reached XP level 3. HP: 19/25 MP: 0/0
  1240 | D:2      | Learned a level 1 spell: Apportation
  1535 | D:2      | Found Umucy's Armour Shop.
  1645 | D:2      | Reached skill level 4 in Spellcasting
  1650 | D:2      | Reached XP level 4. HP: 18/31 MP: 0/0
  2647 | D:3      | Found a hazy altar of Hepliaklqana.
  3630 | D:4      | Identified 2 scrolls of acquirement
  3657 | D:4      | Reached XP level 5. HP: 26/35 MP: 0/0
  3657 | D:4      | Learned a level 2 spell: Slow
  3752 | D:3      | Acquired 530 gold pieces
  3754 | D:3      | Acquired the ring of Taxuogu {Contam rElec rCorr Str+4
                  | Int+4}
  3977 | D:2      | Bought the +1 leather armour of Fashionability {Regen+
                  | Str+5 Dex+3 Slay-2} for 246 gold pieces
  4239 | D:4      | Reached skill level 5 in Spellcasting
  4244 | D:4      | Reached XP level 6. HP: 39/40 MP: 0/0
  4618 | D:4      | Reached XP level 7. HP: 36/46 MP: 0/0
  4618 | D:4      | Learned a level 3 spell: Stone Arrow
  4917 | D:4      | Reached skill level 1 in Armour
  4917 | D:4      | Reached skill level 6 in Spellcasting
  5000 | D:4      | Found a glowing silver altar of Zin.
  5219 | D:5      | Entered Level 5 of the Dungeon
  5459 | D:5      | Reached XP level 8. HP: 50/51 MP: 0/0
  5751 | D:5      | Gained mutation: Your muscles are strong. (Str +2) [potion
                  | of mutation]
  5751 | D:5      | Gained mutation: You evolve. [potion of mutation]
  5863 | D:5      | Found an iron altar of Okawaru.
  5882 | D:5      | Reached skill level 1 in Fighting
  6189 | D:5      | Reached skill level 1 in Long Blades
  6205 | D:5      | Reached skill level 7 in Spellcasting
  6481 | D:5      | Found a white marble altar of Elyvilon.
  6482 | D:5      | Identified the +10 dagger "Opebuwk" {pain, Dex+9}
  6772 | D:6      | Reached XP level 9. HP: 56/57 MP: 0/0
  6772 | D:6      | Learned a level 3 spell: Swiftness
  6925 | D:6      | Identified the +7 mace of Xioli {flame, rN+ Dex+3}
  6942 | D:6      | Found a staircase to the Ecumenical Temple.
  6951 | Temple   | Entered the Ecumenical Temple
  6992 | Temple   | Became a worshipper of Gozag Ym Sagoz the Greedy
  7032 | Temple   | Gained mutation: You are partially covered in large bone
                  | plates. (SH +4) [evolution]
  7610 | D:6      | Found a shadowy altar of Dithmenos.
  7991 | D:7      | Noticed a hornet
  8000 | D:7      | Killed a hornet
  8351 | D:7      | Noticed a manticore
  8357 | D:7      | Killed a manticore
  8358 | D:7      | Reached skill level 8 in Spellcasting
  8358 | D:7      | Reached XP level 10. HP: 25/65 MP: 0/0
  8843 | D:8      | Noticed Psyche
  8908 | D:8      | Found a staircase to the Lair.
  8940 | D:8      | Reached skill level 1 in Shields
  8943 | D:8      | Reached skill level 5 in Long Blades
  9025 | D:8      | Reached skill level 9 in Spellcasting
  9670 | D:8      | Killed Psyche
  9885 | D:8      | Found a sparkling altar of Nemelex Xobeh.
 10144 | D:9      | Reached XP level 11. HP: 68/71 MP: 0/0
 10144 | D:9      | Learned a level 4 spell: Olgreb's Toxic Radiance
 10250 | D:9      | Noticed a two-headed ogre
 10286 | D:9      | Killed a two-headed ogre
 10287 | D:9      | Reached skill level 10 in Spellcasting
 10676 | D:10     | Entered Level 10 of the Dungeon
 10676 | D:10     | Noticed a boulder beetle
 10696 | D:10     | Killed a boulder beetle
 10806 | D:10     | Found a runed translucent gate.
 10810 | D:10     | Found a runed translucent gate.
 10810 | D:10     | Noticed Johnny's ghost (journeyman DEEE)
 10811 | D:10     | Found a runed translucent gate.
 10812 | D:10     | Identified the +6 plate armour of the Teacher {rF+ rC-
                  | Str+4}
 10828 | D:10     | Noticed a boulder beetle
 10890 | D:10     | Killed a boulder beetle
 10891 | D:10     | Reached skill level 11 in Spellcasting
 11203 | D:10     | Found a staircase to the Orcish Mines.
 12246 | D:11     | Reached XP level 12. HP: 71/76 MP: 0/0
 12392 | D:11     | Noticed a seven-headed hydra
 12398 | D:11     | Killed a seven-headed hydra
 12656 | D:11     | Identified the +8 rapier of Atuihuwa {pain, Int+5}
 12771 | D:12     | Noticed a two-headed ogre
 12777 | D:12     | Killed a two-headed ogre
 12778 | D:12     | Reached skill level 12 in Spellcasting
 12944 | D:12     | Found a gate leading to a gauntlet.
 12961 | Gauntlet | Entered a Gauntlet
 12961 | Gauntlet | Found a transporter.
 12961 | Gauntlet | Found a transporter.
 12965 | Gauntlet | Found a transporter.
 12979 | Gauntlet | Noticed a tengu warrior
 12985 | Gauntlet | Found a transporter.
 12996 | Gauntlet | Found a transporter.
 13002 | Gauntlet | Found a transporter.
 13066 | Gauntlet | Found a transporter.
 13073 | Gauntlet | Noticed an ice dragon
 13073 | Gauntlet | a wolf spider changed into an ice dragon
 13084 | Gauntlet | Noticed a quicksilver ooze
 13084 | Gauntlet | an ice dragon changed into a quicksilver ooze
 13090 | Gauntlet | Found a transporter.
 13093 | Gauntlet | Found a transporter.
 13095 | Gauntlet | Noticed a goliath frog
 13095 | Gauntlet | a quicksilver ooze changed into a goliath frog
 13128 | Gauntlet | Noticed a quicksilver ooze
 13128 | Gauntlet | a goliath frog changed into a quicksilver ooze
 13128 | Gauntlet | Noticed a glowing orange brain
 13128 | Gauntlet | a faun changed into a glowing orange brain
 13195 | Gauntlet | Found a transporter.
 13199 | Gauntlet | Noticed a death scarab
 13216 | Gauntlet | Found a transporter.
 13225 | Gauntlet | Found a transporter.
 13231 | Gauntlet | Noticed a wretched star
 13316 | Gauntlet | Noticed a catoblepas
 13318 | Gauntlet | Found a transporter.
 13328 | Gauntlet | Found a transporter.
 13328 | Gauntlet | Found a transporter.
 13331 | Gauntlet | Found a transporter.
 13421 | Gauntlet | Noticed a six-headed hydra
 13435 | Gauntlet | Noticed an azure jelly
 13490 | Gauntlet | Noticed a five-headed hydra
 13490 | Gauntlet | a tyrant leech changed into a five-headed hydra
 13733 | D:12     | Noticed a two-headed ogre
 13735 | D:12     | You are sucked into a shaft and drop 1 floor!
 13741 | D:13     | Noticed a centaur warrior
 13750 | D:12     | Reached skill level 5 in Armour
 13751 | D:12     | Noticed a two-headed ogre
 14213 | D:12     | Noticed a centaur warrior
 14214 | D:12     | Noticed a seven-headed hydra
 14236 | D:12     | Killed a two-headed ogre
 14237 | D:12     | Killed a seven-headed hydra
 14237 | D:12     | Killed a centaur warrior
 14380 | D:12     | Noticed a centaur warrior
 14383 | D:12     | Hit by a large rock thrown by a cyclops

Illustrated notes

Levels and vault maps discovered:
D:1:      scummos_arrival_star, layout_basic,
          shapermc_ecumenical_altar_notcrosses
D:2:      layout_basic, serial_shops, nicolae_square_shop, eino_curves_02,
          nrook_uturn, minmay_joined_circles
D:3:      layout_basic, lemuel_round_altar, item_on_display_a
D:4:      wander_river, layout_cave_pods, lemuel_round_altar
D:5:      layout_basic, old_standard_altar, kennysheep_okawaru_gauntlet
D:6:      layout_cave_pods, nicolae_dithmenos_through_a_glass_darkly,
          lemuel_temple_firewalk_a, kennysheep_generic_room_16
D:7:      layout_basic
D:8:      layout_loops_ring, kennysheep_mini, erik_lair_orcish_takeover,
          uniq_psyche
D:9:      layout_long_grid
D:10:     minmay_s_stair_smasher, layout_irregular_city, orc_0_dummy,
          biasface_ghost_orc_armoury
D:11:     layout_basic
D:12:     nzn_winding_woodlands_cross [nzn_winding_woodlands_5x15_pockets,
          nzn_winding_woodlands_5x15_garden,
          nzn_winding_woodlands_5x15_sidewinder,
          nzn_winding_woodlands_5x15_sawtooth,
          nzn_winding_woodlands_15x15_eel_pit], layout_cave_pools,
          gauntlet_entry_generic
D:13:     layout_loops_ring, david_vaults_5
Temple:   eino_temple_rhombus

Skill      XL: |  1  2  3  4  5  6  7  8  9 10 11 12 |
---------------+-------------------------------------+-----
Spellcasting   | 4 5 6 7 8 9 11 12 | 12.5
Stealth        | 2 3 4 |  4.8
Armour         | 1 2 3 4 5 |  5.3
Fighting       | 1 2 3 |  3.2
Long Blades    | 2 4 5 6 |  6.0
Dodging        | 3 4 |  4.9
Shields        | 1 2 |  2.4
Evocations     | |  0.1

Action                   |  1- 3 |  4- 6 |  7- 9 | 10-12 || total
-------------------------+-------+-------+-------+-------++-------
Melee: Scimitar          |       |       |    39 |    15 ||    54
 Cast: Magic Dart        |    32 |    42 |    84 |    68 ||   226
       Searing Ray       |     9 |    28 |    19 |    12 ||    68
       Slow              |       |     3 |     1 |     3 ||     7
       Fulminant Prism   |       |       |     8 |    20 ||    28
       Stone Arrow       |       |       |    20 |    74 ||    94
       Iskenderun's Myst |       |       |     1 |    20 ||    21
       Swiftness         |       |       |       |     2 ||     2
       Olgreb's Toxic Ra |       |       |       |    40 ||    40
Invok: Potion Petition   |       |       |       |     1 ||     1
       Call Merchant     |       |       |       |     1 ||     1
Evoke: Wand              |       |       |       |     1 ||     1
  Use: Scroll            |     4 |     8 |     2 |     8 ||    22
       Potion            |       |     4 |     5 |     2 ||    11
Armor: Robe              |     1 |     1 |       |       ||     2
       Leather armour    |       |     1 |    11 |    16 ||    28
Dodge: Dodged            |    12 |    13 |    40 |    48 ||   113
Block: Other             |       |       |     1 |    13 ||    14
       Rpst.: Scimitar   |       |       |    12 |     5 ||    17

Table legend: (Time is in decaauts)
 A = Elapsed time spent in this place.
 B = Non-inter-level travel time spent in this place.
 C = Inter-level travel time spent in this place.
 D = Time resting spent in this place.
 E = Time spent auto-exploring this place.
 F = Levels seen in this place.
 G = Mean time per level.
                   A        B        C        D        E       F      G
               +--------+--------+--------+--------+--------+-----+--------+
         Total |  14371 |  13424 |    947 |   3127 |   7221 |  15 |  958.1 |
       Dungeon |  13386 |  12451 |    935 |   3121 |   6847 |  13 | 1029.7 |
        Temple |    222 |    211 |     11 |      0 |    179 |   1 |  222.0 |
      Gauntlet |    762 |    762 |      0 |      6 |    195 |   1 |  762.0 |
               +--------+--------+--------+--------+--------+-----+--------+

Top non-repeatable levels by time:
     D:3: 1566 daAuts
     D:2: 1384 daAuts
     D:4: 1328 daAuts
     D:5: 1299 daAuts
    D:11: 1289 daAuts
     D:8: 1207 daAuts
     D:7: 1095 daAuts
    D:10: 1069 daAuts
     D:1: 1056 daAuts
     D:6: 1028 daAuts
Gauntlet: 762 daAuts
     D:9: 729 daAuts
    D:12: 325 daAuts
  Temple: 222 daAuts
    D:13: 7 daAuts
